 Dungeon Crawl Stone Soup version 0.27-a0-1312-g5cdb2b3542 (webtiles) character file.

Game seed: 10937437759656086380

387 PentaManta the Insei (level 6, 0/44 HPs)
             Began as a Merfolk Transmuter on June 19, 2021.
             Slain by Dowan (5 damage)
             ... on level 4 of the Dungeon.
             The game lasted 00:14:33 (6176 turns).

PentaManta the Insei (Merfolk Transmuter)           Turns: 6176, Time: 00:14:34

Health: 0/44       AC:  2    Str: 11    XL:     6   Next: 78%
Magic:  6/9        EV: 22    Int: 13    God:
Gold:   15         SH:  0    Dex: 20    Spells: 3/9 levels left

rFire    . . .     SeeInvis .     - Unarmed
rCold    . . .     Faith    .   (shield currently unavailable)
rNeg     . . .     Spirit   .   (armour currently unavailable)
rPois    x         Reflect  .   (helmet currently unavailable)
rElec    .         Harm     .   (cloak currently unavailable)
rCorr    .         Rampage  .   (gloves currently unavailable)
Will     .....                  (boots currently unavailable)
Stlth    ++........             (no amulet)
HPRegen  0.14/turn              (no ring)
MPRegen  0.11/turn              (no ring)

@: spider-form (expiring)
A: venomous fangs, tiny, (nimble swimmer 2), (mertail)
a: End Transformation


You were on level 4 of the Dungeon.
You were a venomous arachnid creature.
You visited 1 branch of the dungeon, and saw 4 of its levels.

You collected 146 gold pieces.
You spent 131 gold pieces at shops.

Inventory:

Missiles
 b - 77 stones
Armour
 a - a +1 robe (melded)
 e - a +0 pair of boots (melded)
Wands
 d - a wand of polymorph (6)
Scrolls
 f - 2 scrolls of identify
 h - 5 scrolls of teleportation
 i - 2 scrolls of vulnerability {unknown}
 j - a scroll of fear {unknown}
 k - 3 scrolls of enchant weapon
 l - 2 scrolls of amnesia
Potions
 c - a potion of attraction
 g - a potion of curing {unknown}
 m - a potion of flight


   Skills:
 - Level 2.2 Fighting
 * Level 4.7 Dodging
 * Level 5.6 Unarmed Combat
 - Level 2.0 Spellcasting
 - Level 5.0 Transmutations
 + Level 1.9 Poison Magic


You had 3 spell levels left.
You knew the following spells:

 Your Spells              Type           Power      Damage    Failure   Level
a - Beastly Appendage     Tmut           28%        N/A       11%         1
b - Wereblood             Tmut           14%        N/A       14%         2
c - Spider Form           Tmut/Pois      5%         N/A       38%         3

Your spell library contained the following spells:

 Spells                   Type           Power      Damage    Failure   Level
 Confusing Touch          Hex            1%         N/A       78%         3
 Gell's Gravitas          Tloc           0%         N/A       78%         3
 Ice Form                 Ice/Tmut       7%         N/A       83%         4
 Petrify                  Tmut/Erth      7%         N/A       83%         4
 Yara's Violent Unravell  Hex/Tmut       3%         3d4       98%         5
 Metabolic Englaciation   Hex/Ice        0%         N/A       100%        5


Dungeon Overview and Level Annotations

Branches:
Dungeon (4/15)
 Temple: D:4-7

Altars:

Shops:
D:3 *

Annotations:
D:4 Dowan


Innate Abilities, Weirdness & Mutations

You are a venomous arachnid creature.
You have poisonous fangs.
You are tiny and dextrous.
Your spellcasting is less reliable in this form.
Your armour is entirely melded.
You are incapable of wielding weapons or throwing items.
((You are quick and stealthy near water. (Stealth+, EV+, Speed+++)))
((Your lower body shifts to a powerful aquatic tail in water.))


Message History

You hit Duvessa.
Duvessa is poisoned.
Duvessa is lightly wounded.
Dowan gestures at you while chanting. The puff of frost hits you!
Duvessa barely misses you.
You hit Duvessa.
Duvessa is lightly wounded.
Dowan completely misses you. Duvessa barely misses you.
You bite Duvessa!
Duvessa is moderately wounded.
Your transformation is almost over.
Dowan closely misses you. Duvessa hits you with a +0 short sword.
You hit Duvessa but do no damage.
Duvessa looks even sicker.
Duvessa is moderately wounded.
Dowan hits you with a +0 dagger.
You hit Duvessa.
Duvessa looks as sick as possible!
Duvessa is heavily wounded.
Duvessa misses you.
Dowan points at you and mumbles some strange words.
You resist with some effort.
You hit Duvessa.
Duvessa is severely wounded.
Duvessa hits you with a +0 short sword.
You hit Duvessa but do no damage.
Duvessa looks as sick as possible!
Duvessa is severely wounded.
Dowan hits you with a +0 dagger. Duvessa hits you with a +0 short sword!
Unknown command.
You bite Dowan!
Dowan is poisoned.
Dowan is heavily wounded.
Dowan casts a spell at you. The puff of flame misses you.
Duvessa hits you with a +0 short sword!
* * * LOW HITPOINT WARNING * * *
You hit Dowan but do no damage.
Dowan looks as sick as possible!
Dowan is heavily wounded.
You kill Duvessa!
Dowan's eyes darken. "You have made a black mistake."
Dowan seems to find hidden reserves of power!
Dowan hits you with a +0 dagger.
* * * LOW HITPOINT WARNING * * *
Dowan hits you with a +0 dagger.
You die...

.#.# #.......###.#.#
.#.# ######.####.#.#
.#+## #........#
#...## ######.###
.....## ## #.#
......## ##.# #.#
..<....####...##.#####
.......+......)e.....#
.).....####..[##s###.#
......## ##.. #.#
.....## ##. #.# #...##
#. $.# ##'## #. ###
...###### #. ........#
#< ...####.# ..##


You could see Dowan (fast, extremely poisoned).

Vanquished Creatures
  Duvessa (D:4)
  An ogre (D:3)
  A hound (D:4)
  A bullfrog skeleton (D:4)
  Natasha (thrice) (D:2)
  5 gnolls
  5 adders
  A worm (D:2)
  3 dart slugs
  5 endoplasms
  6 giant cockroaches
  3 goblins
  4 hobgoblins
  8 jackals
  2 quokkas
  5 ball pythons
  5 bats
  4 frilled lizards
  6 kobolds
  7 rats
76 creatures vanquished.

Notes
Turn   | Place    | Note
-------+----------+-------------------------------------------
     0 | D:1      | PentaManta the Merfolk Transmuter began the quest for the
                  | Orb.
     0 | D:1      | Reached XP level 1. HP: 15/15 MP: 3/3
   479 | D:1      | Reached XP level 2. HP: 8/21 MP: 5/5
  1067 | D:1      | Reached XP level 3. HP: 24/26 MP: 6/6
  1829 | D:2      | Noticed Natasha
  1841 | D:2      | Killed Natasha
  1842 | D:2      | Reached XP level 4. HP: 13/33 MP: 7/7
  2026 | D:2      | Learned a level 2 spell: Wereblood
  2447 | D:2      | Noticed Natasha
  2675 | D:2      | Found a faded altar of an unknown god.
  3048 | D:2      | Reached XP level 5. HP: 13/38 MP: 8/8
  3607 | D:2      | Killed Natasha
  3608 | D:2      | Reached skill level 5 in Transmutations
  3953 | D:2      | Learned a level 3 spell: Spider Form
  4000 | D:2      | Noticed Natasha
  4227 | D:2      | Killed Natasha
  4572 | D:3      | Reached skill level 5 in Unarmed Combat
  4885 | D:3      | Reached skill level 1 in Poison Magic
  4888 | D:3      | Reached XP level 6. HP: 17/44 MP: 9/9
  5391 | D:3      | Found Byleulon's Assorted Antiques.
  5394 | D:3      | Bought a scroll labelled EDOEMIU YNOS for 19 gold pieces
  5394 | D:3      | Bought a scroll labelled PULARU QENUMA for 19 gold pieces
  5394 | D:3      | Bought a scroll labelled ESSAOG MOWK for 19 gold pieces
  5394 | D:3      | Bought a scroll labelled ESSAOG MOWK for 19 gold pieces
  5394 | D:3      | Bought a scroll labelled PULARU QENUMA for 19 gold pieces
  5394 | D:3      | Bought a scroll labelled EDOEMIU YNOS for 19 gold pieces
  5394 | D:3      | Bought a smoky puce potion for 17 gold pieces
  6159 | D:4      | Noticed Duvessa
  6161 | D:4      | Noticed Dowan
  6176 | D:4      | Killed Duvessa
  6176 | D:4      | Slain by Dowan

Illustrated notes

Levels and vault maps discovered:
D:1:      dpeg_arrival_rooms_b, layout_rooms, amethyst_killhole, minmay_domino_4
D:2:      layout_loops_ring, serial_glass, glass_columns_a, glass_columns_a,
          feat_on_display, item_on_display_a, ebering_ecumenical_altar_mist,
          uniq_natasha
D:3:      layout_basic, serial_shops, nicolae_shop_behind_doors,
          kennysheep_generic_room_12
D:4:      cheibrodos_barr_body, layout_loops_corners, lemuel_crystal_altar,
          hex_medium, uniq_duvessa

Skill      XL: |  1  2  3  4  5  6 |
---------------+-------------------+-----
Dodging        | 3 4 |  4.7
Transmutations | 3 4 5 |  5.0
Unarmed Combat | 4 5 |  5.6
Fighting       | 2 |  2.2
Poison Magic   | 1 |  1.9
Spellcasting   | |  2.0

Action                   |  1- 3 |  4- 6 || total
-------------------------+-------+-------++-------
Melee: Unarmed           |   115 |   249 ||   364
       Punch             |     4 |     7 ||    11
       Headbutt          |     1 |    21 ||    22
 Cast: Beastly Appendage |     3 |    26 ||    29
       Spider Form       |       |     2 ||     2
  Use: Potion            |     2 |     1 ||     3
       Scroll            |       |     9 ||     9
 Stab: Sleeping          |     3 |     1 ||     4
       Confused          |       |     1 ||     1
Armor: Robe              |    19 |    25 ||    44
       Skin              |       |     4 ||     4
Dodge: Dodged            |    66 |   166 ||   232

Table legend: (Time is in decaauts)
 A = Elapsed time spent in this place.
 B = Non-inter-level travel time spent in this place.
 C = Inter-level travel time spent in this place.
 D = Time resting spent in this place.
 E = Time spent auto-exploring this place.
 F = Levels seen in this place.
 G = Mean time per level.
                   A        B        C        D        E       F      G
               +--------+--------+--------+--------+--------+-----+--------+
         Total |   6140 |   6028 |    112 |   2634 |   2473 |   4 | 1535.0 |
       Dungeon |   6140 |   6028 |    112 |   2634 |   2473 |   4 | 1535.0 |
               +--------+--------+--------+--------+--------+-----+--------+

Top non-repeatable levels by time:
     D:2: 2559 daAuts
     D:1: 1821 daAuts
     D:3: 1552 daAuts
     D:4: 207 daAuts
